Sharks vs Rangers

Created - October-31-12 at 20:08

Goals
1 2 3 T
Sharks 1 0 0 1
Rangers 0 3 0 3
Shots
1 2 3 T
Sharks 6 4 10 20
Rangers 6 7 12 25

1st period

1. Sharks , Alex Tanguay 2 (Jaromir Jagr, Tyler Bozak) at 16:48

Penalties :
Shane Doan (SJS) for High sticking (Minor) at 7:49, Johnny Boychuk (SJS) for Hooking (Minor) at 8:25, Shane Doan (SJS) for Goalie Interference (Minor) at 14:22

2nd period

2. Rangers , David Perron 5 (Mike Weaver) at 5:12
3. Rangers , Chris Kunitz 3 (Frans Nielsen, Carl Hagelin) at 18:33
4. Rangers , Radim Vrbata 5 (Mike Weaver, Ilya Kovalchuk) at 18:50

Penalties :
Zack Smith (NYR) for Hooking (Minor) at 10:30, Tomas Kaberle (SJS) for Interference (Minor) at 19:27

3rd period

No Goal

Penalties :
Andrew Shaw (SJS) for Hooking (Minor) at 1:31, Tyler Bozak (SJS) for Roughing (Minor) at 3:48, Shane Doan (SJS) for High sticking (Minor) at 14:14, David Legwand (NYR) for Tripping (Minor) at 19:08

Goalie Stats

Brian Elliott (SJS), 22 saves from 25 shots - (0.880), L, 5-4-1, 60:00 minutes
Tomas Vokoun (NYR), 19 saves from 20 shots - (0.950), W, 10-2-0, 60:00 minutes

Players Stats for Sharks

Player Name              G  A  P  +/- PIM S  H  SB GA TA FO     MP     PP MP  PK MP  
------------------------------------------------------------------------------------
Alex Tanguay             1  0  1   0  0   4  2  0  0  0  1/1    16:26   0:00   0:44 
Andrew Ference           0  0  0  -1  0   1  7  0  0  0  0/0    22:40   0:51   5:32 
Andrew Shaw              0  0  0  -2  2   1  1  0  0  0  2/3    14:30   0:20   4:29 
Brendan Mikkelson        0  0  0   0  0   0  3  1  0  0  0/0    15:27   1:10   1:23 
Ian White                0  0  0  -1  0   0  0  1  0  0  0/0    23:45   1:39   7:38 
Jannik Hansen            0  0  0   0  0   1  0  0  0  0  0/0     5:29   0:00   0:00 
Jaromir Jagr             0  1  1   0  0   2  0  0  0  0  0/0    15:42   0:00   0:00 
Johan Franzen            0  0  0   0  0   1  0  0  0  0  4/4    19:05   2:30   2:48 
Johnny Boychuk           0  0  0  -1  2   0  3  0  0  0  0/0    21:18   0:00   5:49 
Kyle Wellwood            0  0  0  -2  0   1  0  0  0  0  6/14   10:28   0:20   0:26 
Lauri Korpikoski         0  0  0   0  0   2  0  2  0  0  0/1     8:44   0:00   3:15 
Matt Niskanen            0  0  0   0  0   0  1  0  0  0  0/0    15:04   1:09   0:00 
Mike Ribeiro             0  0  0   0  0   1  0  0  0  0  16/33  24:11   2:30   7:54 
Nik Antropov             0  0  0   0  0   0  0  0  0  0  1/3     5:29   0:00   0:00 
Ryan Malone              0  0  0  -2  0   4  0  0  0  0  2/2    10:02   0:20   0:00 
Shane Doan               0  0  0   0  6   2  3  0  0  0  0/1    20:15   2:30   4:01 
Tomas Kaberle            0  0  0  -1  2   0  0  1  0  0  0/0    21:44   0:51   4:37 
Tyler Bozak              0  1  1   0  2   0  4  0  0  0  6/15   15:41   0:00   0:00 

Players Stats for Rangers

Player Name              G  A  P  +/- PIM S  H  SB GA TA FO     MP     PP MP  PK MP  
------------------------------------------------------------------------------------
Bryan Allen              0  0  0  -1  0   0  3  0  0  0  0/0    14:50   0:00   1:21 
Carl Hagelin             0  1  1   1  0   2  1  0  0  0  0/0    11:04   0:24   0:16 
Chris Kunitz             1  0  1   1  0   5  2  0  0  0  0/0    10:24   0:00   0:00 
David Legwand            0  0  0   1  2   1  0  0  0  0  7/25   19:27   6:08   0:39 
David Perron             1  0  1   1  0   2  0  0  0  0  3/3    19:03   6:22   0:00 
Francois Beauchemin      0  0  0   0  0   0  1  1  0  0  0/0    25:09   5:37   1:29 
Frans Nielsen            0  1  1   1  0   0  0  0  0  0  11/14  11:03   0:00   0:39 
Ilya Kovalchuk           0  1  1   1  0   3  0  0  0  0  0/2    22:37   6:08   0:00 
Jim Slater               0  0  0  -1  0   0  0  1  0  0  4/9     7:01   0:00   1:55 
Marc Staal               0  0  0  -1  0   1  2  1  0  0  0/0    13:29   0:00   0:00 
Mike Weaver              0  2  2   3  0   0  1  0  0  0  0/0    20:38   6:01   1:29 
Radim Vrbata             1  0  1   1  0   3  1  0  0  0  1/2    22:37   6:08   0:00 
Ryan Jones               0  0  0  -1  0   0  0  0  0  0  0/0     7:01   0:00   1:55 
Sheldon Souray           0  0  0   3  0   5  0  2  0  0  0/0    20:01   6:53   0:00 
Stephane Robidas         0  0  0   0  0   1  0  0  0  0  0/0    25:53   6:29   1:21 
Tyler Ennis              0  0  0   1  0   1  1  0  0  0  13/21  22:27   5:58   0:00 
Vinny Prospal            0  0  0   1  0   1  1  0  0  0  0/0    19:19   6:22   0:16 
Zack Smith               0  0  0  -1  2   0  0  0  0  0  0/1     5:05   0:00   0:00 

3 Stars

1 - Mike Weaver (NYR)
2 - Chris Kunitz (NYR)
3 - Tomas Vokoun (NYR)

Power Play

Sharks - 0 on 2 Attempt(s) - 0.00%
Rangers - 0 on 7 Attempt(s) - 0.00%

Penalty Kill

Sharks - 7 on 7 Attempt(s) - 100.00% - Score 0 goal in Penalty Kill
Rangers - 2 on 2 Attempt(s) - 100.00% - Score 0 goal in Penalty Kill

Official

Referees : Mike Leggo and Tom Kowal
Linesman : Derek Nansen and Steve Barton

Game Notes

No Game Note

Finance

Level 1 -- Attendance: 4822 (74.18%) -- Ticket Income $602,750
Level 2 -- Attendance: 4913 (98.26%) -- Ticket Income $368,475
Level 3 -- Attendance: 3193 (91.23%) -- Ticket Income $159,650
Level 4 -- Attendance: 2200 (100.00%) -- Ticket Income $55,000
Luxury Box -- Attendance: 997 (99.70%) -- Ticket Income $249,250
Game was played at the Madison Square Garden
Total Attendance: 16125 (88.60%)
Total Ticket Income: $1,435,125
Other Income: $215,269
Total Income: $1,650,394


% Time on Ice - Sharks

Lines # - Real PCT - Wanted PCT - Time Play
Normal Forward
1 - 31% - 40% - 13:47
2 - 35% - 30% - 15:42
3 - 22% - 20% - 9:42
4 - 12% - 10% - 5:29
Normal Defense
1 - 33% - 40% - 14:41
2 - 36% - 30% - 16:17
3 - 29% - 20% - 12:54
4 - 2% - 10% - 0:48
PP Forward
1 - 100% - 60% - 2:50
2 - 0% - 40% - 0:00
PP Defense
1 - 70% - 60% - 1:59
2 - 30% - 40% - 0:51
PK Forward
1 - 75% - 60% - 8:19
2 - 25% - 40% - 2:48
PK Defense
1 - 56% - 60% - 6:13
2 - 44% - 40% - 4:54
PK3 Forward
1 - 67% - 60% - 0:56
2 - 33% - 40% - 0:27
PK3 Defense
1 - 49% - 60% - 0:41
2 - 51% - 40% - 0:42
44 Forward
1 - 0% - 60%
2 - 0% - 40%
44 Defense
1 - 0% - 60%
2 - 0% - 40%
Last Minute Offensive  - 0:00
Last Minute Defensive  - 0:00
Total
Forward - 60:00
Defense - 60:00

% Time on Ice - Rangers

Lines # - Real PCT - Wanted PCT - Time Play
Normal Forward
1 - 37% - 40% - 16:29
2 - 28% - 30% - 12:41
3 - 23% - 20% - 10:24
4 - 11% - 10% - 5:06
Normal Defense
1 - 38% - 40% - 17:11
2 - 29% - 30% - 13:08
3 - 30% - 20% - 13:29
4 - 2% - 10% - 0:52
PP Forward
1 - 49% - 60% - 6:08
2 - 51% - 40% - 6:22
PP Defense
1 - 55% - 60% - 6:53
2 - 45% - 40% - 5:37
PK Forward
1 - 77% - 60% - 2:11
2 - 23% - 40% - 0:39
PK Defense
1 - 52% - 60% - 1:29
2 - 48% - 40% - 1:21
PK3 Forward
1 - 0% - 60%
2 - 0% - 40%
PK3 Defense
1 - 0% - 60%
2 - 0% - 40%
44 Forward
1 - 0% - 60%
2 - 0% - 40%
44 Defense
1 - 0% - 60%
2 - 0% - 40%
Last Minute Offensive  - 0:00
Last Minute Defensive  - 0:00
Total
Forward - 60:00
Defense - 60:00

Play by Play

1st period


0:01 of 1st period - Tyler Ennis wins face-off versus Mike Ribeiro in neutral zone.
1:44 of 1st period - Icing by Andrew Ference.
1:45 of 1st period - Frans Nielsen wins face-off versus Tyler Bozak in Sharks zone.
1:45 of 1st period - Frans Nielsen is hit by Andrew Ference.
1:49 of 1st period - Shot by Chris Kunitz.
1:49 of 1st period - Stopped by Brian Elliott without a rebound.
1:50 of 1st period - Frans Nielsen wins face-off versus Kyle Wellwood in Sharks zone.
1:53 of 1st period - Shot by Chris Kunitz.
1:53 of 1st period - Stopped by Brian Elliott without a rebound.
1:54 of 1st period - Kyle Wellwood wins face-off versus Jim Slater in Sharks zone.
2:10 of 1st period - Shot by Ryan Malone.
2:10 of 1st period - Deflect By Kyle Wellwood.
2:10 of 1st period - Shot Misses the Net.
2:12 of 1st period - Shot by Brendan Mikkelson.
2:12 of 1st period - Shot Misses the Net.
2:24 of 1st period - Shot by Andrew Shaw.
2:24 of 1st period - Stopped by Tomas Vokoun without a rebound.
2:25 of 1st period - Tyler Bozak wins face-off versus Frans Nielsen in Rangers zone.
2:27 of 1st period - Alex Tanguay is hit by Marc Staal and loses puck.
2:44 of 1st period - Shot by Alex Tanguay.
2:44 of 1st period - Stopped by Tomas Vokoun without a rebound.
2:45 of 1st period - Tyler Ennis wins face-off versus Nik Antropov in Rangers zone.
2:54 of 1st period - Shot by Ilya Kovalchuk.
2:54 of 1st period - Shot Hit the Post.
2:56 of 1st period - Shot by Francois Beauchemin.
2:56 of 1st period - Shot Misses the Net.
3:16 of 1st period - Shot by Tyler Ennis.
3:16 of 1st period - Shot Misses the Net.
3:18 of 1st period - Shot by Stephane Robidas.
3:18 of 1st period - Shot Misses the Net.
3:30 of 1st period - Shot by Tyler Ennis.
3:30 of 1st period - Deflect By Ilya Kovalchuk.
3:30 of 1st period - Shot Blocked by Lauri Korpikoski.
3:46 of 1st period - Shot by Mike Weaver.
3:46 of 1st period - Shot Misses the Net.
4:04 of 1st period - Shot by Sheldon Souray.
4:04 of 1st period - Stopped by Brian Elliott without a rebound.
4:05 of 1st period - Tyler Bozak wins face-off versus Frans Nielsen in Sharks zone.
4:05 of 1st period - Tyler Bozak is hit by Chris Kunitz.
4:44 of 1st period - Alex Tanguay is hit by Bryan Allen and loses puck.
5:59 of 1st period - Shot by Shane Doan.
5:59 of 1st period - Stopped by Tomas Vokoun with a rebound.
6:18 of 1st period - Icing by Francois Beauchemin.
6:19 of 1st period - Alex Tanguay wins face-off versus Ilya Kovalchuk in Rangers zone.
6:34 of 1st period - Shot by Jaromir Jagr.
6:34 of 1st period - Stopped by Tomas Vokoun with a rebound.
7:07 of 1st period - Tyler Ennis is hit by Brendan Mikkelson and loses puck.
7:22 of 1st period - Shot by Lauri Korpikoski.
7:22 of 1st period - Stopped by Tomas Vokoun without a rebound.
7:23 of 1st period - David Legwand wins face-off versus Shane Doan in Rangers zone.
7:37 of 1st period - David Perron is hit by Andrew Ference and loses puck.
7:49 of 1st period - Minor Penalty to Shane Doan for High sticking.
7:50 of 1st period - Mike Ribeiro wins face-off versus David Legwand in Sharks zone.
8:00 of 1st period - Off-side.
8:01 of 1st period - Tyler Ennis wins face-off versus Mike Ribeiro in neutral zone.
8:10 of 1st period - Shot by Vinny Prospal.
8:10 of 1st period - Shot Misses the Net.
8:12 of 1st period - Shot by Mike Weaver.
8:12 of 1st period - Shot Misses the Net.
8:25 of 1st period - Minor Penalty to Johnny Boychuk for Hooking.
8:26 of 1st period - Radim Vrbata wins face-off versus Mike Ribeiro in Sharks zone.
8:31 of 1st period - Shot by Sheldon Souray.
8:31 of 1st period - Stopped by Brian Elliott without a rebound.
8:32 of 1st period - David Legwand wins face-off versus Mike Ribeiro in Sharks zone.
8:49 of 1st period - Shot by Sheldon Souray.
8:49 of 1st period - Shot Misses the Net.
10:21 of 1st period - Shot by Sheldon Souray.
10:21 of 1st period - Stopped by Brian Elliott without a rebound.
10:22 of 1st period - Mike Ribeiro wins face-off versus David Legwand in Sharks zone.
11:19 of 1st period - Icing by Andrew Ference.
11:20 of 1st period - David Perron wins face-off versus Mike Ribeiro in Sharks zone.
11:20 of 1st period - Mike Weaver is hit by Andrew Ference and loses puck.
12:33 of 1st period - Shot by Andrew Shaw.
12:33 of 1st period - Shot Misses the Net.
12:41 of 1st period - Shot by Ilya Kovalchuk.
12:41 of 1st period - Deflect By Radim Vrbata.
12:41 of 1st period - Shot Misses the Net.
12:43 of 1st period - Shot by Ilya Kovalchuk.
12:43 of 1st period - Shot Misses the Net.
12:45 of 1st period - Shot by Stephane Robidas.
12:45 of 1st period - Shot Misses the Net.
14:03 of 1st period - Shot by Nik Antropov.
14:03 of 1st period - Deflect By Jannik Hansen.
14:03 of 1st period - Shot Hit the Post.
14:22 of 1st period - Minor Penalty to Shane Doan for Goalie Interference.
14:23 of 1st period - Mike Ribeiro wins face-off versus Tyler Ennis in Sharks zone.
14:32 of 1st period - Shot by Tyler Ennis.
14:32 of 1st period - Shot Misses the Net.
14:34 of 1st period - Shot by Sheldon Souray.
14:34 of 1st period - Stopped by Brian Elliott without a rebound.
14:35 of 1st period - Mike Ribeiro wins face-off versus David Legwand in Sharks zone.
14:45 of 1st period - Icing by Mike Weaver.
14:46 of 1st period - David Legwand wins face-off versus Mike Ribeiro in Rangers zone.
14:48 of 1st period - Icing by Ilya Kovalchuk.
14:49 of 1st period - Mike Ribeiro wins face-off versus David Legwand in Rangers zone.
15:41 of 1st period - Tyler Ennis is hit by Johnny Boychuk and loses puck.
16:46 of 1st period - Shot by Alex Tanguay.
16:46 of 1st period - Shot Hit the Post.
16:48 of 1st period - Shot by Jaromir Jagr.
16:48 of 1st period - Deflect By Alex Tanguay.
16:48 of 1st period - Goal by Alex Tanguay - Sharks : 1 - Rangers : 0.
16:49 of 1st period - Nik Antropov wins face-off versus Frans Nielsen in neutral zone.
17:01 of 1st period - Icing by Stephane Robidas.
17:02 of 1st period - Frans Nielsen wins face-off versus Tyler Bozak in Rangers zone.
18:03 of 1st period - Shot by Ilya Kovalchuk.
18:03 of 1st period - Shot Misses the Net.
18:05 of 1st period - Shot by Tyler Ennis.
18:05 of 1st period - Shot Misses the Net.
19:15 of 1st period - Shot by David Perron.
19:15 of 1st period - Deflect By Vinny Prospal.
19:15 of 1st period - Shot Misses the Net.
19:24 of 1st period - Icing by Brendan Mikkelson.
19:25 of 1st period - Kyle Wellwood wins face-off versus Zack Smith in Sharks zone.
19:34 of 1st period - Shot by Andrew Shaw.
19:34 of 1st period - Shot Misses the Net.

2nd period


0:01 of 2nd period - Tyler Ennis wins face-off versus Mike Ribeiro in neutral zone.
0:09 of 2nd period - Ilya Kovalchuk is hit by Johnny Boychuk and loses puck.
0:15 of 2nd period - Off-side.
0:16 of 2nd period - David Legwand wins face-off versus Kyle Wellwood in neutral zone.
0:28 of 2nd period - David Perron is hit by Andrew Ference and loses puck.
0:46 of 2nd period - Off-side.
0:47 of 2nd period - Mike Ribeiro wins face-off versus Tyler Ennis in neutral zone.
1:01 of 2nd period - Francois Beauchemin is hit by Shane Doan and loses puck.
1:44 of 2nd period - Francois Beauchemin is hit by Alex Tanguay and loses puck.
2:12 of 2nd period - Vinny Prospal is hit by Andrew Ference and loses puck.
2:24 of 2nd period - David Legwand is hit by Andrew Ference and loses puck.
2:31 of 2nd period - Shot by David Perron.
2:31 of 2nd period - Stopped by Brian Elliott without a rebound.
2:32 of 2nd period - Frans Nielsen wins face-off versus Kyle Wellwood in Sharks zone.
2:55 of 2nd period - Shot by Carl Hagelin.
2:55 of 2nd period - Shot Misses the Net.
3:12 of 2nd period - Shot by Ryan Malone.
3:12 of 2nd period - Stopped by Tomas Vokoun without a rebound.
3:13 of 2nd period - Mike Ribeiro wins face-off versus David Legwand in Rangers zone.
3:38 of 2nd period - Shot by Mike Ribeiro.
3:38 of 2nd period - Shot Blocked by Sheldon Souray.
3:40 of 2nd period - Shot by Shane Doan.
3:40 of 2nd period - Shot Misses the Net.
3:42 of 2nd period - Shot by Johan Franzen.
3:42 of 2nd period - Stopped by Tomas Vokoun without a rebound.
3:43 of 2nd period - Tyler Ennis wins face-off versus Tyler Bozak in Rangers zone.
3:43 of 2nd period - Tyler Ennis is hit by Tyler Bozak.
5:00 of 2nd period - Icing by Mike Weaver.
5:01 of 2nd period - Kyle Wellwood wins face-off versus David Legwand in Rangers zone.
5:12 of 2nd period - Shot by David Perron.
5:12 of 2nd period - Goal by David Perron - Sharks : 1 - Rangers : 1.
5:13 of 2nd period - Jim Slater wins face-off versus Mike Ribeiro in neutral zone.
5:20 of 2nd period - Johnny Boychuk is hit by Marc Staal and loses puck.
5:37 of 2nd period - Icing by Bryan Allen.
5:38 of 2nd period - Kyle Wellwood wins face-off versus Jim Slater in Rangers zone.
6:17 of 2nd period - Tyler Ennis is hit by Brendan Mikkelson and loses puck.
6:34 of 2nd period - Shot by Ilya Kovalchuk.
6:34 of 2nd period - Shot Blocked by Brendan Mikkelson.
6:37 of 2nd period - Tyler Ennis is hit by Brendan Mikkelson and loses puck.
6:44 of 2nd period - Shot by Radim Vrbata.
6:44 of 2nd period - Shot Misses the Net.
7:23 of 2nd period - Off-side.
7:24 of 2nd period - Frans Nielsen wins face-off versus Tyler Bozak in neutral zone.
7:29 of 2nd period - Shot by Chris Kunitz.
7:29 of 2nd period - Stopped by Brian Elliott with a rebound.
7:40 of 2nd period - Tyler Bozak is hit by Bryan Allen and loses puck.
7:43 of 2nd period - Shot by Alex Tanguay.
7:43 of 2nd period - Shot Misses the Net.
7:53 of 2nd period - Shot by Jaromir Jagr.
7:53 of 2nd period - Shot Blocked by Marc Staal.
8:26 of 2nd period - Sheldon Souray is hit by Andrew Ference and loses puck.
9:30 of 2nd period - Shot by Radim Vrbata.
9:30 of 2nd period - Shot Misses the Net.
9:32 of 2nd period - Shot by Stephane Robidas.
9:32 of 2nd period - Shot Misses the Net.
9:34 of 2nd period - Shot by Stephane Robidas.
9:34 of 2nd period - Shot Misses the Net.
10:30 of 2nd period - Minor Penalty to Zack Smith for Hooking.
10:31 of 2nd period - Jim Slater wins face-off versus Mike Ribeiro in Rangers zone.
11:19 of 2nd period - Off-side.
11:20 of 2nd period - Frans Nielsen wins face-off versus Andrew Shaw in neutral zone.
11:39 of 2nd period - Off-side.
11:40 of 2nd period - Jim Slater wins face-off versus Mike Ribeiro in neutral zone.
12:24 of 2nd period - Icing by Brendan Mikkelson.
12:25 of 2nd period - Mike Ribeiro wins face-off versus Jim Slater in Sharks zone.
12:37 of 2nd period - Shot by Lauri Korpikoski.
12:37 of 2nd period - Stopped by Tomas Vokoun without a rebound.
12:38 of 2nd period - Kyle Wellwood wins face-off versus Tyler Ennis in Rangers zone.
13:04 of 2nd period - Shot by Kyle Wellwood.
13:04 of 2nd period - Shot Misses the Net.
14:23 of 2nd period - Tomas Kaberle is hit by Vinny Prospal and loses puck.
15:51 of 2nd period - Matt Niskanen is hit by Chris Kunitz and loses puck.
16:35 of 2nd period - Shot by Zack Smith.
16:35 of 2nd period - Shot Misses the Net.
17:01 of 2nd period - Shot by Tyler Ennis.
17:01 of 2nd period - Shot Misses the Net.
17:03 of 2nd period - Shot by Radim Vrbata.
17:03 of 2nd period - Shot Misses the Net.
17:19 of 2nd period - Sheldon Souray is hit by Shane Doan and loses puck.
17:45 of 2nd period - Icing by Stephane Robidas.
17:46 of 2nd period - David Legwand wins face-off versus Kyle Wellwood in Rangers zone.
17:46 of 2nd period - David Legwand is hit by Andrew Shaw.
17:51 of 2nd period - Francois Beauchemin is hit by Johnny Boychuk and loses puck.
18:03 of 2nd period - Ian White is hit by Francois Beauchemin and loses puck.
18:27 of 2nd period - Icing by Ian White.
18:28 of 2nd period - Frans Nielsen wins face-off versus Kyle Wellwood in Sharks zone.
18:31 of 2nd period - Shot by Carl Hagelin.
18:31 of 2nd period - Deflect By Chris Kunitz.
18:31 of 2nd period - Stopped by Brian Elliott with a rebound.
18:33 of 2nd period - Shot by Frans Nielsen.
18:33 of 2nd period - Deflect By Chris Kunitz.
18:33 of 2nd period - Goal by Chris Kunitz - Sharks : 1 - Rangers : 2.
18:34 of 2nd period - Tyler Ennis wins face-off versus Tyler Bozak in neutral zone.
18:37 of 2nd period - Alex Tanguay is hit by Tyler Ennis and loses puck.
18:48 of 2nd period - Shot by Mike Weaver.
18:48 of 2nd period - Shot Misses the Net.
18:50 of 2nd period - Shot by Radim Vrbata.
18:50 of 2nd period - Goal by Radim Vrbata - Sharks : 1 - Rangers : 3.
18:51 of 2nd period - David Perron wins face-off versus Lauri Korpikoski in neutral zone.
19:02 of 2nd period - Jannik Hansen is hit by Bryan Allen and loses puck.
19:05 of 2nd period - Shot by Nik Antropov.
19:05 of 2nd period - Deflect By Jannik Hansen.
19:05 of 2nd period - Stopped by Tomas Vokoun without a rebound.
19:06 of 2nd period - Tyler Ennis wins face-off versus Tyler Bozak in Rangers zone.
19:06 of 2nd period - Ilya Kovalchuk is hit by Tyler Bozak and loses puck.
19:27 of 2nd period - Shot by Tyler Ennis.
19:27 of 2nd period - Stopped by Brian Elliott without a rebound.
19:27 of 2nd period - Minor Penalty to Tomas Kaberle for Interference.
19:28 of 2nd period - Tyler Ennis wins face-off versus Mike Ribeiro in Sharks zone.

3rd period


0:01 of 3rd period - Mike Ribeiro wins face-off versus Ilya Kovalchuk in neutral zone.
0:12 of 3rd period - Shot by Stephane Robidas.
0:12 of 3rd period - Stopped by Brian Elliott without a rebound.
0:13 of 3rd period - Mike Ribeiro wins face-off versus Tyler Ennis in Sharks zone.
0:37 of 3rd period - Off-side.
0:38 of 3rd period - Mike Ribeiro wins face-off versus David Legwand in neutral zone.
0:49 of 3rd period - Shot by Francois Beauchemin.
0:49 of 3rd period - Shot Hit the Post.
0:51 of 3rd period - Shot by Francois Beauchemin.
0:51 of 3rd period - Shot Misses the Net.
1:24 of 3rd period - Off-side.
1:25 of 3rd period - Johan Franzen wins face-off versus Tyler Ennis in neutral zone.
1:31 of 3rd period - Minor Penalty to Andrew Shaw for Hooking.
1:32 of 3rd period - David Perron wins face-off versus Mike Ribeiro in Sharks zone.
2:31 of 3rd period - Ian White is hit by Radim Vrbata and loses puck.
2:36 of 3rd period - Shot by Ilya Kovalchuk.
2:36 of 3rd period - Shot Hit the Post.
3:34 of 3rd period - Icing by Bryan Allen.
3:35 of 3rd period - Frans Nielsen wins face-off versus Tyler Bozak in Rangers zone.
3:35 of 3rd period - Frans Nielsen is hit by Tyler Bozak.
3:38 of 3rd period - Bryan Allen is hit by Tyler Bozak and loses puck.
3:48 of 3rd period - Minor Penalty to Tyler Bozak for Roughing.
3:49 of 3rd period - Johan Franzen wins face-off versus David Legwand in Sharks zone.
4:40 of 3rd period - Shot by Francois Beauchemin.
4:40 of 3rd period - Shot Misses the Net.
5:05 of 3rd period - Shot by Mike Weaver.
5:05 of 3rd period - Shot Blocked by Tomas Kaberle.
5:41 of 3rd period - Shot by David Legwand.
5:41 of 3rd period - Shot Misses the Net.
6:11 of 3rd period - Shot by Jaromir Jagr.
6:11 of 3rd period - Stopped by Tomas Vokoun without a rebound.
6:12 of 3rd period - Andrew Shaw wins face-off versus Jim Slater in Rangers zone.
6:15 of 3rd period - Shot by Ryan Malone.
6:15 of 3rd period - Stopped by Tomas Vokoun without a rebound.
6:16 of 3rd period - Andrew Shaw wins face-off versus Jim Slater in Rangers zone.
6:21 of 3rd period - Shot by Ryan Malone.
6:21 of 3rd period - Stopped by Tomas Vokoun without a rebound.
6:22 of 3rd period - Frans Nielsen wins face-off versus Mike Ribeiro in Rangers zone.
6:37 of 3rd period - Shot by Frans Nielsen.
6:37 of 3rd period - Shot Misses the Net.
6:45 of 3rd period - Shot by Chris Kunitz.
6:45 of 3rd period - Shot Misses the Net.
7:41 of 3rd period - Shot by Radim Vrbata.
7:41 of 3rd period - Deflect By Ilya Kovalchuk.
7:41 of 3rd period - Stopped by Brian Elliott without a rebound.
7:42 of 3rd period - Tyler Bozak wins face-off versus David Legwand in Sharks zone.
7:44 of 3rd period - Icing by Ian White.
7:45 of 3rd period - Tyler Bozak wins face-off versus David Legwand in Sharks zone.
8:04 of 3rd period - Shot by Alex Tanguay.
8:04 of 3rd period - Stopped by Tomas Vokoun without a rebound.
8:05 of 3rd period - Tyler Ennis wins face-off versus Kyle Wellwood in Rangers zone.
8:12 of 3rd period - Shot by Ilya Kovalchuk.
8:12 of 3rd period - Shot Misses the Net.
8:28 of 3rd period - Shot by Andrew Shaw.
8:28 of 3rd period - Shot Blocked by Francois Beauchemin.
9:12 of 3rd period - Icing by Sheldon Souray.
9:13 of 3rd period - Mike Ribeiro wins face-off versus David Legwand in Rangers zone.
9:46 of 3rd period - Shot by Johan Franzen.
9:46 of 3rd period - Deflect By Shane Doan.
9:46 of 3rd period - Shot Blocked by Sheldon Souray.
10:36 of 3rd period - Shot by Chris Kunitz.
10:36 of 3rd period - Shot Misses the Net.
10:42 of 3rd period - Andrew Ference is hit by Carl Hagelin and loses puck.
10:46 of 3rd period - Icing by Alex Tanguay.
10:47 of 3rd period - Tyler Ennis wins face-off versus Tyler Bozak in Sharks zone.
11:12 of 3rd period - Shot by Alex Tanguay.
11:12 of 3rd period - Stopped by Tomas Vokoun without a rebound.
11:13 of 3rd period - Ryan Malone wins face-off versus David Legwand in Rangers zone.
11:14 of 3rd period - Shot by Andrew Shaw.
11:14 of 3rd period - Shot Misses the Net.
11:19 of 3rd period - Ryan Malone is hit by Mike Weaver and loses puck.
11:22 of 3rd period - Shot by Ryan Malone.
11:22 of 3rd period - Shot Misses the Net.
11:24 of 3rd period - Shot by Kyle Wellwood.
11:24 of 3rd period - Stopped by Tomas Vokoun without a rebound.
11:25 of 3rd period - Tyler Ennis wins face-off versus Nik Antropov in Rangers zone.
11:38 of 3rd period - Shot by Radim Vrbata.
11:38 of 3rd period - Shot Misses the Net.
12:00 of 3rd period - Shot by Ilya Kovalchuk.
12:00 of 3rd period - Stopped by Brian Elliott without a rebound.
12:01 of 3rd period - Mike Ribeiro wins face-off versus David Legwand in Sharks zone.
12:03 of 3rd period - Icing by Ian White.
12:04 of 3rd period - Mike Ribeiro wins face-off versus David Legwand in Sharks zone.
12:27 of 3rd period - Shot by Shane Doan.
12:27 of 3rd period - Stopped by Tomas Vokoun without a rebound.
12:28 of 3rd period - Tyler Bozak wins face-off versus Radim Vrbata in Rangers zone.
12:50 of 3rd period - Shot by Radim Vrbata.
12:50 of 3rd period - Shot Misses the Net.
12:54 of 3rd period - Shot by Ilya Kovalchuk.
12:54 of 3rd period - Stopped by Brian Elliott without a rebound.
12:55 of 3rd period - Mike Ribeiro wins face-off versus David Legwand in Sharks zone.
12:59 of 3rd period - Off-side.
13:00 of 3rd period - David Legwand wins face-off versus Mike Ribeiro in neutral zone.
13:21 of 3rd period - Shot by Vinny Prospal.
13:21 of 3rd period - Stopped by Brian Elliott without a rebound.
13:22 of 3rd period - Tyler Ennis wins face-off versus Tyler Bozak in Sharks zone.
14:11 of 3rd period - Icing by Francois Beauchemin.
14:12 of 3rd period - Tyler Ennis wins face-off versus Mike Ribeiro in Rangers zone.
14:12 of 3rd period - Radim Vrbata is hit by Shane Doan and loses puck.
14:14 of 3rd period - Minor Penalty to Shane Doan for High sticking.
14:15 of 3rd period - Mike Ribeiro wins face-off versus Tyler Ennis in Sharks zone.
15:49 of 3rd period - Shot by David Perron.
15:49 of 3rd period - Shot Blocked by Lauri Korpikoski.
15:51 of 3rd period - Shot by Mike Weaver.
15:51 of 3rd period - Shot Blocked by Ian White.
15:53 of 3rd period - Shot by Sheldon Souray.
15:53 of 3rd period - Deflect By David Perron.
15:53 of 3rd period - Shot Hit the Post.
15:55 of 3rd period - Shot by Mike Weaver.
15:55 of 3rd period - Shot Misses the Net.
15:57 of 3rd period - Shot by Sheldon Souray.
15:57 of 3rd period - Stopped by Brian Elliott without a rebound.
15:58 of 3rd period - David Legwand wins face-off versus Kyle Wellwood in Sharks zone.
16:01 of 3rd period - Shot by Ilya Kovalchuk.
16:01 of 3rd period - Deflect By David Legwand.
16:01 of 3rd period - Stopped by Brian Elliott with a rebound.
16:11 of 3rd period - Shot by Radim Vrbata.
16:11 of 3rd period - Stopped by Brian Elliott without a rebound.
16:12 of 3rd period - Johan Franzen wins face-off versus Tyler Ennis in Sharks zone.
16:42 of 3rd period - Shot by Carl Hagelin.
16:42 of 3rd period - Stopped by Brian Elliott without a rebound.
16:43 of 3rd period - Tyler Bozak wins face-off versus David Legwand in Sharks zone.
16:50 of 3rd period - Francois Beauchemin is hit by Alex Tanguay and loses puck.
18:07 of 3rd period - Shot by Ilya Kovalchuk.
18:07 of 3rd period - Deflect By Radim Vrbata.
18:07 of 3rd period - Stopped by Brian Elliott without a rebound.
18:08 of 3rd period - Frans Nielsen wins face-off versus Kyle Wellwood in Sharks zone.
18:08 of 3rd period - Chris Kunitz is hit by Matt Niskanen and loses puck.
18:11 of 3rd period - Shot by Chris Kunitz.
18:11 of 3rd period - Shot Misses the Net.
18:13 of 3rd period - Shot by Marc Staal.
18:13 of 3rd period - Stopped by Brian Elliott without a rebound.
18:14 of 3rd period - Frans Nielsen wins face-off versus Mike Ribeiro in Sharks zone.
18:17 of 3rd period - Shot by Carl Hagelin.
18:17 of 3rd period - Stopped by Brian Elliott without a rebound.
18:18 of 3rd period - Johan Franzen wins face-off versus Tyler Ennis in Sharks zone.
18:45 of 3rd period - Shot by Johan Franzen.
18:45 of 3rd period - Shot Misses the Net.
18:47 of 3rd period - Shot by Andrew Ference.
18:47 of 3rd period - Stopped by Tomas Vokoun without a rebound.
18:48 of 3rd period - Ryan Malone wins face-off versus David Legwand in Rangers zone.
18:49 of 3rd period - Shot by Kyle Wellwood.
18:49 of 3rd period - Deflect By Ryan Malone.
18:49 of 3rd period - Stopped by Tomas Vokoun without a rebound.
18:50 of 3rd period - Kyle Wellwood wins face-off versus David Legwand in Rangers zone.
19:08 of 3rd period - Minor Penalty to David Legwand for Tripping.
19:09 of 3rd period - Jim Slater wins face-off versus Mike Ribeiro in Rangers zone.
19:20 of 3rd period - Shot by Tomas Kaberle.
19:20 of 3rd period - Shot Misses the Net.
19:34 of 3rd period - Shot by Mike Ribeiro.
19:34 of 3rd period - Stopped by Tomas Vokoun with a rebound.
19:36 of 3rd period - Shot by Andrew Ference.
19:36 of 3rd period - Shot Blocked by Jim Slater.


Output by the SimonT Hockey Simulator (STHS) for Stephane Roy -- Original Page W3C XHTML 1.0 Valid
Hockey Simulator - Hockey Simulation - Hockey Manager